 Dungeon Crawl Stone Soup version 0.17-a0-2171-ga91b4ec (webtiles) character file.

487 M4edhros the Charlatan (level 7, 0/43 HPs)
             Began as an Octopode Artificer on Oct 25, 2015.
             Succumbed to poison (a potion of poison)
             ... on level 5 of the Dungeon.
             The game lasted 00:04:31 (1784 turns).

M4edhros the Charlatan (Octopode Artificer)         Turns: 1784, Time: 00:04:31

Health: 0/43       AC:  2    Str:  8    XL:     7   Next: 13%
Magic:  9/9        EV: 12    Int: 19    God:    Xom [..*...]
Gold:   86         SH:  4    Dex: 14    Spells: 0 memorised, 6 levels left

rFire  . . .     SeeInvis .     a - +0 rapier
rCold  . . .     Rnd*Rage +     g - +0 buckler
rNeg   . . .     SustAt   .     h - +1 hat
rPois  .         Gourm    .     (no amulet)
rElec  .         Spirit   .     (no ring)
rCorr  .         Warding  .     (no ring)
rMut   .         Stasis   .     (no ring)
MR     .....                    (no ring)
Stlth  +++++.....               (no ring)
                                (no ring)
                                (no ring)
                                (no ring)

@: lethally poisoned (0 -> -4), not resistant to hostile enchantments, quite
stealthy
A: almost no armour, amphibious, 8 rings, constrict 8, camouflage 2, berserk 1,
blurry vision 1, clever 2, low mp 1, screaming 1, weak 1, gelatinous body 1, no
device heal 1
a: Renounce Religion


You were on level 5 of the Dungeon.
You worshipped Xom.
You were a toy of Xom.
You were hungry.

You visited 1 branch of the dungeon, and saw 5 of its levels.

You collected 86 gold pieces.

Inventory:

Hand Weapons
 a - a +0 rapier (weapon)
 f - a +2 hunting sling
 m - a +0 spear
Missiles
 j - 71 stones (quivered)
Armour
 g - a +0 buckler (worn)
 h - a +1 hat (worn)
Wands
 b - a wand of flame (2)
 c - a wand of enslavement (15)
 d - a wand of random effects (12)
 p - a wand of invisibility (4)
Comestibles
 e - 2 bread rations
 i - a beef jerky
 k - a fruit


   Skills:
 - Level 1.0 Fighting
 - Level 1.0 Short Blades
 * Level 4.0 Slings
 - Level 2.0 Dodging
 + Level 5.0 Stealth
 + Level 2.4 Shields
 + Level 5.3 Evocations


You had 6 spell levels left.
You didn't know any spells.

Dungeon Overview and Level Annotations

Branches:
Dungeon (5/15)
 Temple: D:4-7

Altars:
Cheibriados
Dithmenos
Ru
Xom

Annotations:
D:5 M4edhros's ghost, novice OpAr


Innate Abilities, Weirdness & Mutations

You cannot wear most types of armour.
You are amphibious.
You can wear up to eight rings at the same time.
You can use your tentacles to constrict eight enemies at once.
Your skin blends seamlessly with your surroundings (Stealth).
Your rubbery body absorbs attacks (AC +1).
You tend to lose your temper in combat.
Scrolls take you a little longer to read.
Your mind is very acute. (Int +4)
Your magical capacity is low (-10% MP).
You occasionally shout uncontrollably at your foes.
You are weak. (Str -2)
Potions and wands are less effective at restoring your health.


Message History

* * * LOW HITPOINT WARNING * * *
You feel sick.
You aren't carrying any potions.
Read which item? (? for menu, Esc to quit)
You begin reading the scroll.
You continue reading the scroll.
* * * LOW HITPOINT WARNING * * *
You feel sick.
As you read the scroll labeled EGUIDGHEDDI, it crumbles to dust.
You feel strangely unstable.
It was a scroll of teleportation.
* * * LOW HITPOINT WARNING * * *
You feel sick.
There is a stone staircase leading up here.
You see here a chunk of flesh.
* * * LOW HITPOINT WARNING * * *
You feel sick.
There is a stone staircase leading up here.
You see here a chunk of flesh.
Your surroundings suddenly seem different.
You die...
Xom howls with laughter!

#.# #...# ##<.####. ###.######
#...# ##.# ## ###........# #...#
#.##### ....#.###..###h..#####
#.#....
....#.###........h...######.#.###
....#..[..................#.#.#..
....#...#............####.#.#.#.#
....#...#..###...####### ..#.#.#
#.#.....[..# #..@......# .##....
#.#.##..#.## #...#####.##..######
#.......#.# #...#####.##..#≈≈...
#.#.###.#.# ###.....##.##..#≈_.≈.
#.#.###.#.# #.......##.##..#≈≈...
#.....)().###<#........##..######
#.##########..........##.........
..# #..................### ###
#..........##.....##


You could see 2 jackals.

Vanquished Creatures
  2 sky beasts (D:5)
  An ogre (D:4)
  A scorpion (D:4)
  A crimson imp (D:5)
  A jelly (D:5)
  An orc wizard (D:5)
  5 adders
  A worm (D:3)
  3 orcs
  2 giant cockroaches
  4 goblins
  6 hobgoblins
  A kobold (D:2)
  2 quokkas
  2 bats
  2 giant geckos
  A giant newt (D:3)
  A rat (D:1)
37 creatures vanquished.

Notes
Turn   | Place    | Note
--------------------------------------------------------------
     0 | D:1      | M4edhros the Octopode Artificer began the quest for the Orb.
     0 | D:1      | Reached XP level 1. HP: 13/13 MP: 3/3
   284 | D:1      | Reached XP level 2. HP: 18/18 MP: 4/4
   520 | D:4      | Gained mutation: Your skin blends seamlessly with your surroundings (Stealth). [potion of mutation]
   520 | D:4      | Gained mutation: You tend to lose your temper in combat. [potion of mutation]
   520 | D:4      | Gained mutation: Potions and wands are less effective at restoring your health. [potion of mutation]
   520 | D:4      | Reached skill level 4 in Evocations
   520 | D:4      | Reached XP level 3. HP: 6/23 MP: 4/6
   549 | D:4      | Gained mutation: You are weak. (Str -2) [potion of mutation]
   549 | D:4      | Gained mutation: Your mind is acute. (Int +2) [potion of mutation]
   886 | D:3      | Found a snail-covered altar of Cheibriados.
   981 | D:4      | Noticed a scorpion
   991 | D:4      | Killed a scorpion
   991 | D:4      | Reached skill level 1 in Slings
   991 | D:4      | Reached XP level 4. HP: 18/28 MP: 7/7
  1082 | D:4      | Noticed an ogre
  1100 | D:4      | Killed an ogre
  1100 | D:4      | Reached skill level 1 in Shields
  1100 | D:4      | Reached XP level 5. HP: 33/33 MP: 8/8
  1174 | D:5      | Entered Level 5 of the Dungeon
  1192 | D:5      | Found a shadowy altar of Dithmenos.
  1263 | D:5      | Noticed a sky beast
  1264 | D:5      | Noticed M4edhros's ghost (novice OpAr)
  1353 | D:5      | Noticed a sky beast
  1385 | D:5      | Killed a sky beast
  1385 | D:5      | Reached XP level 6. HP: 27/38 MP: 9/9
  1389 | D:5      | Gained mutation: Your mind is very acute. (Int +4) [mutagenic meat]
  1423 | D:5      | Found a sacrificial altar of Ru.
  1428 | D:5      | Reached skill level 5 in Evocations
  1585 | D:5      | Found a shimmering altar of Xom.
  1593 | D:5      | Became a worshipper of Xom the Tricky
  1666 | D:5      | Found a shimmering altar of Xom.
  1763 | D:5      | Killed a sky beast
  1763 | D:5      | Reached skill level 5 in Stealth
  1763 | D:5      | Reached XP level 7. HP: 5/43 MP: 10/10
  1769 | D:5      | Gained mutation: Scrolls take you a little longer to read. [mutagenic meat]
  1771 | D:5      | Gained mutation: Your magical capacity is low (-10% MP). [mutagenic meat]
  1772 | D:5      | Gained mutation: You occasionally shout uncontrollably at your foes. [mutagenic meat]
  1780 | D:5      | HP: 2/43 [poison (a potion of poison)]
  1784 | D:5      | Succumbed to poison (a potion of poison)

Vault maps used:
D:1:      minmay_arrival_solitary_statue, fountainhead, serial_bayou_pond_d
D:2:      uniq_robin
D:3:      cheibriados_altar_1, columned_hall_lemuel
D:4:      first_bread, minivault_14, minmay_divided_ellipse
D:5:      nicolae_ru_path_of_blood, lemuel_round_altar, xom_teletrap_fun,
          basic_altar

Action                   |  1- 3 |  4- 6 |  7- 9 || total
-------------------------+-------+-------+-------++-------
Melee: Short sword       |    24 |     6 |       ||    30
       Spear             |    26 |       |       ||    26
       Rapier            |       |    24 |       ||    24
 Fire: Hunting sling     |    11 |       |       ||    11
Evoke: Wand              |     5 |    10 |     1 ||    16
  Use: Potion            |     5 |       |     4 ||     9
       Scroll            |     4 |       |     1 ||     5
 Stab: Sleeping          |    10 |     6 |       ||    16
       Paralysed         |       |     3 |       ||     3
  Eat: Chunk             |       |     3 |     5 ||     8
